 Dungeon Crawl Stone Soup version 0.29.1-15-g9cfb28693d (webtiles) character file.

Game seed: 2212620132658330060

11 Heoruswealwe the Digger (level 2, 0/15 HPs)
             Began as a Deep Elf Earth Elementalist on Mar 31, 2023.
             Slain by a jackal (3 damage)
             ... on level 1 of the Dungeon.
             The game lasted 00:01:10 (92 turns).

Heoruswealwe the Digger (Deep Elf Earth Elementalist) Turns: 92, Time: 00:01:10

Health: 0/15       AC:  2    Str:  5    XL:     2   Next: 13%
Magic:  1/8        EV: 12    Int: 19    God:
Gold:   9          SH:  0    Dex: 15    Spells: 6/7 levels left

rFire   . . .      SeeInvis .   (no weapon)
rCold   . . .      Faith    .   (no shield)
rNeg    . . .      Spirit   .   a - +0 robe
rPois   .          Reflect  .   (no helmet)
rElec   .          Harm     .   (no cloak)
rCorr   .          Rampage  .   (no gloves)
Will    .....                   (no boots)
Stlth   ++........              (no amulet)
HPRegen 0.05/turn               (no ring)
MPRegen 0.11/turn               (no ring)

@: no status effects
A: no striking features
a: no special abilities


You were on level 1 of the Dungeon.
You visited 1 branch of the dungeon, and saw 1 of its levels.

You collected 9 gold pieces.

Inventory:

Armour
 a - a +0 robe (worn)
Potions
 b - a potion of magic


   Skills:
 - Level 2.4 Dodging
 - Level 2.4 Stealth
 * Level 3.4 Spellcasting
 + Level 1.4 Transmutations
 * Level 3.6 Earth Magic


You had 6 spell levels left.
You knew the following spells:

 Your Spells              Type           Power      Damage    Failure   Level
a - Sandblast             Erth           34%        2d9       3%          1

Your spell library contained the following spells:

 Spells                   Type           Power      Damage    Failure   Level
 Passwall                 Tmut/Erth      10%        N/A       8%          2
 Stone Arrow              Conj/Erth      20%        3d8       21%         3
 Petrify                  Tmut/Erth      12%        N/A       45%         4


Dungeon Overview and Level Annotations

Branches:
Dungeon (1/15)

Altars:


Message History

The bat completely misses you. The bat hits you but does no damage.
A jackal comes into view.
The bat hits you but does no damage.
A bat comes into view.
The blast of sand misses the bat.
The jackal barks!
The bat closely misses you. The bat hits you but does no damage.
The bat barely misses you.
An endoplasm comes into view.
The blast of sand hits the bat.
You kill the bat!
The bat hits you. The jackal misses you.
The blast of sand hits the jackal but does no damage.
The bat barely misses you. The jackal bites you. The jackal misses you.
The jackal bites you.
The jackal bites you but does no damage.
The bat hits you but does no damage.
The blast of sand hits the jackal!
You kill the jackal!
The bat barely misses you. The jackal bites you. The jackal closely misses you.
The jackal bites you but does no damage.
The bat closely misses you. The jackal bites you. The bat hits you.
The bat hits you. The jackal closely misses you. The bat barely misses you. x2
You see here 5 stones.
The jackal attacks as you move away! The jackal misses you.
The bat hits you but does no damage. The bat attacks as you move away!
The bat barely misses you.
The bat closely misses you. x2; The jackal barely misses you.
The jackal attacks as you move away! The jackal bites you.
* * * LOW HITPOINT WARNING * * *
The bat barely misses you. The jackal attacks as you move away!
The jackal barely misses you. The bat misses you. The jackal bites you.
* * * LOW HITPOINT WARNING * * *
The jackal attacks as you move away! The jackal closely misses you.
The bat attacks as you move away! The bat completely misses you.
The jackal attacks as you move away! The jackal bites you.
You die...

...#..................
###.#.....#~#......P# [
#........##~##....P##~## ..
#.#..†.).~~~~~..<..~~~~~ ..
#........##~##P...P##~## ..
#..†......#~#P.....P# #.
#......................
###.###.#..Jbh###...#####.#..#
#.†......(.##@.#..### ....#
#............###.#.## .###
$.#..####..#.# #...# .# #.
#...$.# #..## # #(.....###†#
#......# .# ......?.# ..
.......#.. #. #.


You could see an endoplasm, a jackal and a bat.

Vanquished Creatures
  A dart slug (D:1)
  3 jackals (D:1)
  2 quokkas (D:1)
  A bat (D:1)
  A rat (D:1)
8 creatures vanquished.

Vanquished Creatures (others)
  6 plants (D:1)
6 creatures vanquished.

Grand Total: 14 creatures vanquished

Notes
Turn   | Place    | Note
-------+----------+-------------------------------------------
     0 | D:1      | Heoruswealwe the Deep Elf Earth Elementalist began the
                  | quest for the Orb.
     0 | D:1      | Reached XP level 1. HP: 10/10 MP: 6/6
    78 | D:1      | Reached XP level 2. HP: 15/15 MP: 4/8
    92 | D:1      | Slain by a jackal

Illustrated notes

Levels and vault maps discovered:
D:1:      eino_arrival_water_cross, layout_basic

Action                   || total
-------------------------++-------
Melee: Unarmed           ||    33
 Cast: Sandblast         ||    13
Armor: Robe              ||     7
Dodge: Dodged            ||    22
